 Dungeon Crawl Stone Soup version 0.18-a0-816-g97f838e (webtiles) character file.

386 M4edhros the Sneak (level 6, -5/38 HPs)
             Began as an Octopode Artificer on Dec 15, 2015.
             Shot with an arrow by a centaur (6 damage)
             ... on level 5 of the Dungeon.
             The game lasted 00:02:58 (1947 turns).

M4edhros the Sneak (Octopode Artificer)             Turns: 1947, Time: 00:03:00

Health: -5/38      AC:  1    Str: 10    XL:     6   Next: 78%
Magic:  10/10      EV: 12    Int: 17    God:    Xom [..*...]
Gold:   74         SH:  0    Dex: 12    Spells: 0 memorised, 5 levels left

rFire  . . .     SeeInvis .     a - +0 short sword
rCold  . . .     Clarity  .     (no shield)
rNeg   . . .     SustAt   .     (helmet restricted)
rPois  .         Gourm    +     e - amulet of the gourmand
rElec  .         Spirit   .     (no ring)
rCorr  .         Dismiss  .     (no ring)
rMut   .         Stasis   .     (no ring)
MR     .....                    (no ring)
Stlth  +++++.....               (no ring)
                                (no ring)
                                (no ring)
                                (no ring)

@: not resistant to hostile enchantments, quite stealthy
A: almost no armour, amphibious, 8 rings, constrict 8, camouflage 1, gelatinous
body 1
a: Renounce Religion


You were on level 5 of the Dungeon.
You worshipped Xom.
You were a toy of Xom.
You were full.

You visited 1 branch of the dungeon, and saw 5 of its levels.

You collected 74 gold pieces.

Inventory:

Hand Weapons
 a - a +0 short sword (weapon)
Missiles
 i - 74 stones (quivered)
 l - 28 sling bullets
Jewellery
 e - an amulet of the gourmand (around mantle)
Wands
 b - a wand of flame (5)
 c - a wand of enslavement (13)
 d - a wand of random effects (12)
 o - a wand of digging (8)
Scrolls
 h - 2 scrolls of teleportation {unknown}
 j - a scroll of blinking {unknown}
 k - 2 scrolls of remove curse {unknown}
 m - 2 scrolls of recharging {unknown}
Potions
 p - a potion of might
 q - a potion of haste {unknown}
 r - 2 potions of curing {unknown}
Comestibles
 f - 3 bread rations
 g - 3 fruits
 n - 4 meat rations


   Skills:
 - Level 1.0 Fighting
 - Level 1.0 Short Blades
 - Level 2.0 Dodging
 + Level 6.7 Stealth
 + Level 6.2 Evocations


You had 5 spell levels left.
You didn't know any spells.

Dungeon Overview and Level Annotations

Branches:
Dungeon (5/15)
 Temple: D:4-7

Altars:
Cheibriados
Dithmenos
Qazlal
Sif Muna
Xom
The Shining One

Annotations:
D:4 xeno23's ghost, amateur HuMo


Innate Abilities, Weirdness & Mutations

You cannot wear most types of armour.
You are amphibious.
You can wear up to eight rings at the same time.
You can use your tentacles to constrict eight enemies at once.
Your skin changes colour to match your surroundings (Stealth).
Your rubbery body absorbs attacks (AC +1).


Message History

The arrow barely misses the crimson imp.
The centaur is no longer charmed.
The centaur unwields an uncursed shortbow.
The centaur hits you! The centaur barely misses you.
The centaur wields an uncursed shortbow.
The centaur shoots an arrow.
The arrow hits you!
* * * LOW HITPOINT WARNING * * *
You see here an arrow.
Evoke which item? (* to show all) (? for menu, Esc to quit)
Zapping:
d - a wand of random effects (13)
Press: ? - help, Shift-Dir - straight line, p - crimson imp Xom is highly amused!
You hear a mighty clap of thunder!
The bolt of lightning misses the centaur.
This wand has 12 charges left.
The centaur shoots an arrow.
The arrow hits you!
* * * LOW HITPOINT WARNING * * *
The centaur shoots an arrow.
The arrow hits you.
You die...
Xom chortles!

##############
###############............#
#.............#............#
#.............#............#
#.............#............#
##.............#............#
.................>..........#
............................#
##..............@...........#
#..............###.#########
#............5c# #.#
#...........(..# #.#
#..........)..## ###
###.$.........# #...........#
#...........# #..........(#


You could see a centaur and a crimson imp.

Vanquished Creatures
  Menkaure (D:5)
  An ogre (D:5)
  An orc priest (D:4)
  An orc wizard (D:5)
  A worker ant (D:4)
  An adder (D:4)
  3 orcs (D:4)
  A ball python (D:4)
  A goblin (D:1)
  A kobold (D:1)
  A giant cockroach (D:3)
  A giant gecko (D:1)
  A giant gecko skeleton (D:5)
  A giant newt (D:5)
  A quokka (D:4)
  2 rats (D:1)
19 creatures vanquished.

Vanquished Creatures (collateral kills)
  A hippogriff (D:5)
  3 orcs (D:5)
4 creatures vanquished.

Grand Total: 23 creatures vanquished

Notes
Turn   | Place    | Note
--------------------------------------------------------------
     0 | D:1      | M4edhros the Octopode Artificer began the quest for the Orb.
     0 | D:1      | Reached XP level 1. HP: 13/13 MP: 3/3
   302 | D:2      | Found a shadowy altar of Dithmenos.
   463 | D:4      | Noticed xeno23's ghost (amateur HuMo)
   578 | D:4      | Reached XP level 2. HP: 15/18 MP: 4/4
   719 | D:4      | Found a snail-covered altar of Cheibriados.
   784 | D:4      | Reached skill level 4 in Evocations
   784 | D:4      | Reached XP level 3. HP: 23/23 MP: 4/6
   893 | D:4      | Reached XP level 4. HP: 10/28 MP: 7/7
  1380 | D:4      | Found a deep blue altar of Sif Muna.
  1528 | D:5      | Entered Level 5 of the Dungeon
  1644 | D:5      | Found a shimmering altar of Xom.
  1650 | D:5      | Became a worshipper of The Xom-Meister, Xom-Xom-bo-Bom, Banana-Fana-fo-Fom
  1677 | D:5      | Found a glowing golden altar of the Shining One.
  1712 | D:5      | Noticed a hippogriff
  1712 | D:5      | Noticed a centaur
  1757 | D:5      | Found a stormy altar of Qazlal.
  1848 | D:5      | Noticed an ogre
  1851 | D:5      | Noticed Menkaure
  1855 | D:5      | Killed Menkaure
  1855 | D:5      | Reached skill level 5 in Stealth
  1855 | D:5      | Reached skill level 5 in Evocations
  1855 | D:5      | Reached XP level 5. HP: 33/33 MP: 7/9
  1865 | D:5      | Killed a hippogriff
  1865 | D:5      | Reached skill level 6 in Stealth
  1865 | D:5      | Reached XP level 6. HP: 38/38 MP: 8/10
  1881 | D:5      | Killed an ogre
  1947 | D:5      | HP: 1/38 [centaur/arrow (9)]
  1947 | D:5      | Shot with an arrow by a centaur

Vault maps used:
D:1:      mrwooster_arrival_statue_2, interstate_on_off
D:2:      nicolae_dithmenos_shadow_blocks, first_bread, uniq_sigmund
D:3:      serial_forest, infiniplex_forest_lined_ring,
          infiniplex_forest_clump_long, infiniplex_forest_clump_long,
          infiniplex_forest_lined_4_way, infiniplex_forest_clump_curved,
          grunt_ministairs_1, kennysheep_jessica_study
D:4:      lemuel_coloured_pillars_altar, cheibriados_altar_1
D:5:      old_standard_altar, old_standard_altar,
          nicolae_ru_the_path_less_chosen, basic_altar, uniq_menkaure

Action                   |  1- 3 |  4- 6 || total
-------------------------+-------+-------++-------
Melee: Short sword       |    25 |    15 ||    40
Evoke: Wand              |     3 |    12 ||    15
  Use: Potion            |     1 |       ||     1
 Stab: Sleeping          |     2 |     1 ||     3
  Eat: Chunk             |       |     7 ||     7
